ITL
PORTLAND PRIVATEERS @ BIRMINGHAM BARONS
09/25/2027
 
TOP OF THE 1ST
Portland Privateers batting - Pitching for Birmingham Barons : RHP Pedro Valdés
Pitching: RHP Pedro Valdés
Batting: RHB Luis Pineda 0-0: Ball
1-0: Ball
2-0: Foul Ball, location: 2F
2-1: SINGLE (Line Drive, 8LS)
Batting: RHB Carlos Castro 0-0: Called Strike
0-1: Ball
1-1: Foul Ball, location: 2F
1-2: Strikes out swinging
Batting: RHB Troy Lau 0-0: Called Strike
0-1: Ball
1-1: Foul Ball, location: 2F
1-2: Ball
Wild Pitch!
Luis Pineda to second
2-2: Ball
3-2: Strikes out looking
Batting: SHB Patrick Larson 0-0: Ball
1-0: Called Strike
1-1: Ball
2-1: 2-RUN HOME RUN (Flyball, 9D), Distance : 364 ft
Batting: RHB Anastasio Villa 0-0: Ball
1-0: Ball
2-0: Called Strike
2-1: Ball
3-1: Foul Ball, location: 2F
3-2: Base on Balls
Batting: RHB Luther Stoffels 0-0: Called Strike
0-1: Ball
1-1: Ball
2-1: Swinging Strike
2-2: Foul Ball, location: 2F
2-2: Foul Ball, location: 2F
2-2: Foul Ball, location: 2F
2-2: Strikes out swinging
Top of the 1st over - 2 run(s), 2 hit(s), 0 error(s), 1 left on base; Portland 2 - Birmingham 0
BOTTOM OF THE 1ST
Birmingham Barons batting - Pitching for Portland Privateers : LHP Alfredo González
Pitching: LHP Alfredo González
Batting: RHB Warren Martin 0-0: Ball
1-0: Swinging Strike
1-1: Bunt missed!
1-2: SINGLE (Groundball, 6D)
Batting: RHB Juan Jiménez 0-0: Called Strike
0-1: Called Strike
0-2: Ball
1-2: Foul Ball, location: 2F
1-2: Fly out, F6 (Popup, 56D)
Batting: RHB Todd Rogers 0-0: Called Strike
0-1: Ball
1-1: Ball
2-1: Foul Ball, location: 2F
2-2: Ball
3-2: Strikes out looking
Warren Martin steals 2nd base
Batter strikes out.
Batting: SHB Anastasio Ortíz Balk!
Warren Martin to third
0-0: Ball
1-0: Called Strike
1-1: DOUBLE (Line Drive, 89M)
Warren Martin scores
Batting: RHB Jean-Paul St-Pierre 0-0: Fly out, F7 (Flyball, 7S)
Bottom of the 1st over - 1 run(s), 2 hit(s), 0 error(s), 1 left on base; Portland 2 - Birmingham 1
TOP OF THE 2ND
Portland Privateers batting - Pitching for Birmingham Barons : RHP Pedro Valdés
Batting: LHB Jeff Dorney 0-0: Foul Ball, location: 2F
0-1: Called Strike
0-2: Foul Ball, location: 2F
0-2: Ball
1-2: Strikes out swinging
Batting: LHB Yasuhiko Onodera 0-0: Ball
1-0: Called Strike
1-1: Ball
2-1: Ground out 3-1 (Groundball, 34)
Batting: LHB Dillon Beck 0-0: DOUBLE (Line Drive, 9LM)
Batting: RHB Luis Pineda 0-0: Called Strike
0-1: Ball
1-1: Ball
2-1: Ball
3-1: Called Strike
3-2: Strikes out swinging
Top of the 2nd over - 0 run(s), 1 hit(s), 0 error(s), 1 left on base; Portland 2 - Birmingham 1
BOTTOM OF THE 2ND
Birmingham Barons batting - Pitching for Portland Privateers : LHP Alfredo González
Batting: RHB Peyton Yardley 0-0: Bunt missed!
0-1: Swinging Strike
0-2: Foul Ball, location: 2F
0-2: Ball
1-2: Ball
2-2: Strikes out swinging
Batting: RHB Vicente Carona 0-0: Called Strike
0-1: Ground out 5-3 (Groundball, 56)
Batting: LHB John Haney 0-0: Ball
1-0: Ball
2-0: Ball
3-0: Base on Balls
Batting: RHB Vicente Elías 0-0: Swinging Strike
0-1: Ball
John Haney steals 2nd base
1-1: Foul Ball, location: 2F
1-2: Foul Ball, location: 2F
1-2: Ball
2-2: Ball
3-2: Foul Ball, location: 2F
3-2: Strikes out swinging
Bottom of the 2nd over - 0 run(s), 0 hit(s), 0 error(s), 1 left on base; Portland 2 - Birmingham 1
TOP OF THE 3RD
Portland Privateers batting - Pitching for Birmingham Barons : RHP Pedro Valdés
Batting: RHB Carlos Castro 0-0: DOUBLE (Line Drive, 8RXD)
Batting: RHB Troy Lau 0-0: Ball
1-0: Swinging Strike
1-1: Ball
2-1: Foul Ball, location: 2F
2-2: Foul Ball, location: 2F
2-2: Ball
3-2: Base on Balls
Batting: SHB Patrick Larson 0-0: Swinging Strike
0-1: Ball
1-1: Ball
2-1: 3-RUN HOME RUN (Line Drive, 89XD), Distance : 420 ft
Batting: RHB Anastasio Villa 0-0: Swinging Strike
0-1: Swinging Strike
0-2: Ball
1-2: Strikes out swinging
Batting: RHB Luther Stoffels 0-0: Called Strike
0-1: SINGLE (Groundball, 56D)
Batting: LHB Jeff Dorney 0-0: Ball
1-0: Foul Ball, location: 2F
1-1: Ball
2-1: Fly out, F9 (Flyball, 9LMF)
Batting: LHB Yasuhiko Onodera 0-0: Ball
1-0: Swinging Strike
1-1: Ball
2-1: Ball
3-1: Base on Balls
Luther Stoffels to second
Batting: LHB Dillon Beck 0-0: Swinging Strike
0-1: DOUBLE (Line Drive, 8LXD)
Luther Stoffels scores
Yasuhiko Onodera to third
Runner from 3rd tries for Home, SAFE, no throw
Pitching: RHP César Morín
Batting: RHB Luis Pineda 0-0: Foul Ball, location: 2F
0-1: Ground out U3 (Groundball, 34)
Top of the 3rd over - 5 run(s), 4 hit(s), 0 error(s), 1 left on base; Portland 7 - Birmingham 1
BOTTOM OF THE 3RD
Birmingham Barons batting - Pitching for Portland Privateers : LHP Alfredo González
Batting: RHB Warren Martin 0-0: Called Strike
0-1: Foul Ball, location: 2F
0-2: Ball
1-2: Ball
2-2: Ground out 4-3 (Groundball, 4)
Batting: RHB Juan Jiménez 0-0: Foul Ball, location: 2F
0-1: Ball
1-1: Ball
2-1: Ball
3-1: Foul Ball, location: 2F
3-2: Fly out, F8 (Line Drive, 89S)
Batting: RHB Todd Rogers 0-0: Called Strike
0-1: Foul Ball, location: 2F
0-2: Foul Ball, location: 2F
0-2: Ball
1-2: Foul Ball, location: 2F
1-2: Fly out, F8 (Line Drive, 8RM)
Bottom of the 3rd over - 0 run(s), 0 hit(s), 0 error(s), 0 left on base; Portland 7 - Birmingham 1
TOP OF THE 4TH
Portland Privateers batting - Pitching for Birmingham Barons : RHP César Morín
Batting: RHB Carlos Castro 0-0: Fly out, F2 (Popup, 23)
Batting: RHB Troy Lau 0-0: Called Strike
0-1: Ball
1-1: Foul Ball, location: 2F
1-2: Strikes out swinging
Batting: SHB Patrick Larson 0-0: Ball
1-0: Ball
2-0: Called Strike
2-1: Ball
3-1: SINGLE (Line Drive, 56D)
Batting: RHB Anastasio Villa 0-0: Called Strike
0-1: Ball
1-1: Swinging Strike
1-2: Ball
2-2: Foul Ball, location: 2F
2-2: Fly out, F7 (Flyball, 78M)
Top of the 4th over - 0 run(s), 1 hit(s), 0 error(s), 1 left on base; Portland 7 - Birmingham 1
BOTTOM OF THE 4TH
Birmingham Barons batting - Pitching for Portland Privateers : LHP Alfredo González
Batting: SHB Anastasio Ortíz 0-0: Ground out 5-3 (Groundball, 5S)
Batting: RHB Jean-Paul St-Pierre 0-0: Ball
1-0: Ball
2-0: Called Strike
2-1: Ball
3-1: Called Strike
3-2: Fly out, F6 (Flyball, 6MD)
Batting: RHB Peyton Yardley 0-0: Ball
1-0: SOLO HOME RUN (Line Drive, 78XD), Distance : 396 ft
Batting: RHB Vicente Carona 0-0: Ball
1-0: SOLO HOME RUN (Flyball, 78XD), Distance : 409 ft
Batting: LHB John Haney 0-0: Ball
1-0: SINGLE (Groundball, 25) (infield hit)
Batting: RHB Vicente Elías 0-0: Called Strike
0-1: Called Strike
0-2: Ball
John Haney is caught stealing 2nd base
Bottom of the 4th over - 2 run(s), 3 hit(s), 0 error(s), 0 left on base; Portland 7 - Birmingham 3
TOP OF THE 5TH
Portland Privateers batting - Pitching for Birmingham Barons : RHP César Morín
Batting: RHB Luther Stoffels 0-0: Foul Ball, location: 2F
0-1: Swinging Strike
0-2: Foul Ball, location: 2F
0-2: Strikes out swinging
Batting: LHB Jeff Dorney 0-0: Ball
1-0: Ball
2-0: Called Strike
2-1: Foul Ball, location: 2F
2-2: Ball
3-2: Strikes out swinging, 2-3 out at first.
Batting: LHB Yasuhiko Onodera 0-0: Foul Ball, location: 2F
0-1: Called Strike
0-2: Ball
1-2: Ball
2-2: Strikes out swinging
Top of the 5th over - 0 run(s), 0 hit(s), 0 error(s), 0 left on base; Portland 7 - Birmingham 3
BOTTOM OF THE 5TH
Birmingham Barons batting - Pitching for Portland Privateers : LHP Alfredo González
Batting: RHB Vicente Elías 0-0: Ball
1-0: Called Strike
1-1: Fly out, F7 (Flyball, 7)
Batting: RHB Warren Martin 0-0: Called Strike
0-1: Ball
1-1: Ball
2-1: Foul Ball, location: 2F
2-2: Ball
3-2: Foul Ball, location: 2F
3-2: Fly out, F8 (Flyball, 8LS)
Batting: RHB Juan Jiménez 0-0: Fly out, F8 (Flyball, 8RD)
Bottom of the 5th over - 0 run(s), 0 hit(s), 0 error(s), 0 left on base; Portland 7 - Birmingham 3
TOP OF THE 6TH
Portland Privateers batting - Pitching for Birmingham Barons : RHP César Morín
Batting: LHB Dillon Beck 0-0: Called Strike
0-1: Foul Ball, location: 2F
0-2: Ball
1-2: Ball
2-2: Ball
3-2: SINGLE (Groundball, 4MD)
Batting: RHB Luis Pineda 0-0: Swinging Strike
0-1: Ground out U3 (Groundball, 34S)
Dillon Beck to second
Batting: RHB Carlos Castro 0-0: Fly out, F8 (Flyball, 8RS)
Batting: RHB Troy Lau 0-0: Ball
1-0: Ball
2-0: Ball
3-0: Base on Balls
Batting: SHB Patrick Larson 0-0: Ball
1-0: Called Strike
1-1: Ball
2-1: Foul Ball, location: 2F
2-2: Fly out, F5 (Line Drive, 56)
Top of the 6th over - 0 run(s), 1 hit(s), 0 error(s), 2 left on base; Portland 7 - Birmingham 3
BOTTOM OF THE 6TH
Birmingham Barons batting - Pitching for Portland Privateers : LHP Alfredo González
Batting: RHB Todd Rogers 0-0: Ball
1-0: Called Strike
1-1: SOLO HOME RUN (Flyball, 7D), Distance : 337 ft
Batting: SHB Anastasio Ortíz 0-0: Ball
1-0: SOLO HOME RUN (Flyball, 8RXD), Distance : 414 ft
Pitching: LHP Luke Brown
Batting: RHB Jean-Paul St-Pierre 0-0: Ball
1-0: Ball
2-0: Called Strike
2-1: Called Strike
2-2: Strikes out swinging
Batting: RHB Peyton Yardley 0-0: Ball
1-0: Called Strike
1-1: Swinging Strike
1-2: Strikes out swinging
Batting: RHB Vicente Carona 0-0: Swinging Strike
0-1: Ball
1-1: Called Strike
1-2: SINGLE (Flyball, 8RS)
Batting: LHB John Haney 0-0: Foul Ball, location: 2F
0-1: Fly out, F8 (Flyball, 78M)
Bottom of the 6th over - 2 run(s), 3 hit(s), 0 error(s), 1 left on base; Portland 7 - Birmingham 5
TOP OF THE 7TH
Portland Privateers batting - Pitching for Birmingham Barons : RHP César Morín
Batting: RHB Anastasio Villa 0-0: Ball
1-0: Ball
2-0: Foul Ball, location: 2F
2-1: Foul Ball, location: 2F
2-2: Fly out, F9 (Flyball, 89M)
Pitching: LHP Richard Simpson
Batting: RHB Luther Stoffels 0-0: Called Strike
0-1: Ball
1-1: Called Strike
1-2: Foul Ball, location: 2F
1-2: Ball
2-2: Strikes out swinging
Batting: LHB Jeff Dorney 0-0: Ball
1-0: Swinging Strike
1-1: SINGLE (Groundball, 3D)
Batting: LHB Yasuhiko Onodera 0-0: Foul Ball, location: 2F
0-1: Ball
1-1: Ball
2-1: SINGLE (Line Drive, 8LS)
Jeff Dorney to second
Batting: LHB Dillon Beck 0-0: SINGLE (Line Drive, 8LS)
Jeff Dorney to third
Yasuhiko Onodera to second
Runner from 3rd tries for Home, SAFE, no throw
Batting: RHB Luis Pineda 0-0: Called Strike
0-1: Ball
1-1: Fly out, F8 (Flyball, 89M)
Top of the 7th over - 1 run(s), 3 hit(s), 0 error(s), 2 left on base; Portland 8 - Birmingham 5
BOTTOM OF THE 7TH
Birmingham Barons batting - Pitching for Portland Privateers : LHP Luke Brown
Batting: RHB Vicente Elías 0-0: Called Strike
0-1: Ball
1-1: Called Strike
1-2: Foul Ball, location: 2F
1-2: Strikes out swinging
Batting: RHB Warren Martin 0-0: Ball
1-0: Foul Ball, location: 2F
1-1: Called Strike
1-2: Reached on error, E5 (Groundball, 56)
Batting: RHB Juan Jiménez 0-0: Ball
1-0: Ground out 5-3 (Groundball, 56)
Batting: RHB Todd Rogers 0-0: Foul Ball, location: 2F
0-1: SINGLE (Flyball, 8LS)
Warren Martin to third
Runner from 3rd tries for Home, SAFE, no throw
Batting: SHB Anastasio Ortíz 0-0: SINGLE (Flyball, 9LS)
Todd Rogers to second
Runner from 2nd tries for 3rd, SAFE, throw made to third
Batting: RHB Jean-Paul St-Pierre 0-0: Called Strike
0-1: Called Strike
0-2: Ball
1-2: Strikes out looking
Bottom of the 7th over - 1 run(s), 2 hit(s), 1 error(s), 2 left on base; Portland 8 - Birmingham 6
TOP OF THE 8TH
Portland Privateers batting - Pitching for Birmingham Barons : LHP Richard Simpson
Batting: RHB Carlos Castro 0-0: Foul Ball, location: 2F
0-1: Called Strike
0-2: Ball
1-2: Ball
2-2: Strikes out swinging
Batting: RHB Troy Lau 0-0: Ball
1-0: Swinging Strike
1-1: Swinging Strike
1-2: Foul Ball, location: 2F
1-2: Strikes out swinging
Batting: SHB Patrick Larson 0-0: Ball
1-0: Ball
2-0: Called Strike
2-1: Ball
3-1: Called Strike
3-2: Foul Ball, location: 2F
3-2: Foul Ball, location: 2F
3-2: Base on Balls
Batting: RHB Anastasio Villa 0-0: Called Strike
0-1: Ball
1-1: Foul Ball, location: 2F
1-2: Strikes out swinging
Top of the 8th over - 0 run(s), 0 hit(s), 0 error(s), 1 left on base; Portland 8 - Birmingham 6
BOTTOM OF THE 8TH
Birmingham Barons batting - Pitching for Portland Privateers : LHP Luke Brown
Batting: RHB Peyton Yardley 0-0: Called Strike
0-1: Ball
1-1: Ball
2-1: Swinging Strike
2-2: Strikes out looking
Batting: RHB Vicente Carona 0-0: Fly out, F8 (Flyball, 8LS)
Batting: LHB John Haney 0-0: Swinging Strike
0-1: Swinging Strike
0-2: Strikes out swinging
Bottom of the 8th over - 0 run(s), 0 hit(s), 0 error(s), 0 left on base; Portland 8 - Birmingham 6
TOP OF THE 9TH
Portland Privateers batting - Pitching for Birmingham Barons : LHP Richard Simpson
Pitching: RHP Jim Hicks
Batting: RHB Luther Stoffels 0-0: Ball
1-0: Ground out 5-3 (Groundball, 5L)
Batting: LHB Jeff Dorney 0-0: Foul Ball, location: 2F
0-1: Ground out U3 (Groundball, 3)
Batting: LHB Yasuhiko Onodera 0-0: Ball
1-0: Ball
2-0: Called Strike
2-1: Fly out, F5 (Line Drive, 5)
Top of the 9th over - 0 run(s), 0 hit(s), 0 error(s), 0 left on base; Portland 8 - Birmingham 6
BOTTOM OF THE 9TH
Birmingham Barons batting - Pitching for Portland Privateers : LHP Luke Brown
Pitching: LHP Mike Campbell
Batting: RHB Vicente Elías 0-0: Called Strike
0-1: Ball
1-1: Ball
2-1: Ball
3-1: SINGLE (Groundball, 34D)
Batting: RHB Warren Martin 0-0: Foul Ball, location: 2F
0-1: Called Strike
0-2: SINGLE (Flyball, 9LS)
Vicente Elías to second
Runner from 2nd tries for 3rd, SAFE, throw made to third
Batting: RHB Juan Jiménez 0-0: Foul Ball, location: 2F
0-1: Foul Ball, location: 2F
0-2: Foul Ball, location: 2F
0-2: Foul Ball, location: 2F
0-2: Foul Ball, location: 2F
0-2: Ball
1-2: Ball
2-2: Ball
3-2: Ground out 6-3 (Groundball, 6)
Vicente Elías scores
Warren Martin to second
Batting: RHB Todd Rogers 0-0: Called Strike
0-1: Ball
1-1: Ball
2-1: Fly out, F7 (Flyball, 7D)
Runner from 2nd tags up, SAFE at 3rd, no throw
Batting: SHB Anastasio Ortíz 0-0: Foul Ball, location: 2F
0-1: Ball
1-1: Ball
2-1: Ball
3-1: Called Strike
3-2: Base on Balls
Batting: RHB Jean-Paul St-Pierre 0-0: Called Strike
0-1: DOUBLE (Line Drive, 8LXD)
Warren Martin scores
Anastasio Ortíz to third
Runner from 3rd tries for Home, SAFE, no throw
Thursday, March 30th, 2017 - OOTP Baseball 17.12 Build 75